 Dungeon Crawl Stone Soup version 0.17-a0-1900-g45e8110 (webtiles) character file.

60 horredgrones the Insei (level 4, -2/28 HPs)
             Began as an Octopode Transmuter on Sept 24, 2015.
             Killed from afar by Ijyb (10 damage)
             ... with a wand of magic darts
             ... on level 2 of the Dungeon.
             The game lasted 00:03:54 (2073 turns).

horredgrones the Insei (Octopode Transmuter)        Turns: 2073, Time: 00:03:54

Health: -2/28      AC:  1    Str:  9    XL:     4   Next: 6%
Magic:  4/7        EV: 13    Int: 15    God:
Gold:   79         SH:  0    Dex: 13    Spells: 3 memorised, 1 level left

rFire  . . .     SeeInvis .       - Unarmed
rCold  . . .     Clarity  .     (no shield)
rNeg   . . .     SustAt   .     (helmet restricted)
rPois  .         Gourm    .     (no amulet)
rElec  .         Spirit   .     (no ring)
rCorr  .         Warding  .     (no ring)
rMut   .         Stasis   .     (no ring)
MR     .....                    (no ring)
Stlth  ++........               (no ring)
                                (no ring)
                                (no ring)
                                (no ring)

@: appendage (expiring), not resistant to hostile enchantments, unstealthy
A: almost no armour, amphibious, 8 rings, constrict 8, tentacle spike 3,
camouflage 1, gelatinous body 1
a: End Transformation


You were on level 2 of the Dungeon.
You were not hungry.
One of your tentacles had a temporary spike.
You visited 1 branch of the dungeon, and saw 2 of its levels.

You collected 79 gold pieces.

Inventory:

Hand weapons
 o - a +2 whip of flaming
Missiles
 a - 37 arrows
 e - 16 poisoned needles
Magical devices
 q - a wand of flame (17)
Scrolls
 d - 3 scrolls of remove curse {unknown}
 g - 2 scrolls of identify {unknown}
Potions
 f - 2 potions of curing {unknown}
 h - a potion of lignification {unknown}
 i - a potion of haste {unknown}
 j - a potion of brilliance {unknown}
 p - a potion of agility {unknown}
Books
 b - a book of Changes

   Spells                             Type                      Level
   a - Beastly Appendage              Transmutation                1
   b - Sticks to Snakes               Transmutation                2
   c - Spider Form                    Transmutation/Poison         3
   d - Ice Form                       Ice/Transmutation            4
   e - Blade Hands                    Transmutation                5
Comestibles
 c - 3 bread rations
 k - 2 fruits
 l - a meat ration
 n - a beef jerky


   Skills:
 - Level 1.0 Fighting
 + Level 2.6 Dodging
 - Level 4.3 Unarmed Combat
 - Level 2.0 Spellcasting
 * Level 2.0 Transmutations


You had one spell level left.
You knew the following spells:

 Your Spells              Type           Power        Failure   Level  Hunger
a - Beastly Appendage     Trmt           #.....       12%         1    #......
b - Sticks to Snakes      Trmt           #.........   14%         2    ###....
c - Spider Form           Trmt/Pois      #.........   43%         3    ###....


Dungeon Overview and Level Annotations

Branches:
Dungeon (2/15)

Altars:
Fedhas

Annotations:
D:2 Ijyb, Sigmund


Innate Abilities, Weirdness & Mutations

You cannot wear most types of armour.
You are amphibious.
You can wear up to eight rings at the same time.
You can use your tentacles to constrict eight enemies at once.
Your skin changes colour to match your surroundings (Stealth).
Your rubbery body absorbs attacks (AC +1).
One of your tentacles bears a large vicious spike.


Message History

Ijyb closely misses you.
Your ball python bites Ijyb but does no damage.
Your ball python constricts Ijyb.
You tentacle-slap Ijyb but do no damage.
Ijyb is heavily wounded.
Your transformation is almost over.
Ijyb zaps a wand.
The magic dart hits you!
Your ball python bites Ijyb but does no damage.
Your ball python constricts Ijyb.
You tentacle-slap Ijyb but do no damage.
You tentacle-slap Ijyb.
Ijyb is heavily wounded.
Ijyb hits you.
* * * LOW HITPOINT WARNING * * *
Your ball python bites Ijyb.
Your ball python constricts Ijyb.
You tentacle-slap Ijyb but do no damage.
Ijyb is severely wounded.
Your ball python barely misses Ijyb.
Your ball python constricts Ijyb.
Ijyb zaps a wand.
The magic dart hits you!
You die...

#.. ############# #.#
..#.....#...###.#
#.#.###..###.##.# #
#####.#.###..#.......
##.#.........#..#.#.##..
.....##.#.#.......#####
#.#.S##.#.#.....###
#....g@.#.##...##
###..####.###.## #..
#.....# #.g #####.# #..
##+# #.. ##...## ...
##.....## # #.#
##.......## ##
#.........####.


You could see Ijyb and a friendly ball python.

Vanquished Creatures
  An adder (D:2)
  3 gnolls (D:2)
  A giant gecko (D:2)
  2 giant cockroaches (D:2)
  A goblin (D:1)
  4 hobgoblins
  7 kobolds
  A quokka (D:2)
  2 bats (D:1)
  A giant newt (D:1)
  4 rats
27 creatures vanquished.

Notes
Turn   | Place    | Note
--------------------------------------------------------------
     0 | D:1      | horredgrones the Octopode Transmuter began the quest for the Orb.
     0 | D:1      | Reached XP level 1. HP: 13/13 MP: 3/3
   401 | D:1      | Reached XP level 2. HP: 15/18 MP: 5/5
   405 | D:1      | Learned a level 2 spell: Sticks to Snakes
   856 | D:2      | Found a blossoming altar of Fedhas.
   906 | D:2      | Noticed Sigmund
  1227 | D:2      | Reached skill level 4 in Unarmed Combat
  1227 | D:2      | Reached XP level 3. HP: 17/23 MP: 4/6
  1794 | D:2      | Reached XP level 4. HP: 25/28 MP: 7/7
  1803 | D:2      | Learned a level 3 spell: Spider Form
  2063 | D:2      | Noticed Ijyb
  2073 | D:2      | Killed from afar by Ijyb

Vault maps used:
D:1:      dpeg_arrival_shelter
D:2:      overflow_temple_1_default, grunt_ministairs_6, uniq_iyjb, uniq_sigmund

Action                   |  1- 3 |  4- 6 || total
-------------------------+-------+-------++-------
Melee: Unarmed           |    58 |    12 ||    70
 Cast: Beastly Appendage |     5 |     1 ||     6
       Sticks to Snakes  |       |     1 ||     1
 Stab: Sleeping          |     3 |     1 ||     4
  Eat: Chunk             |     3 |     1 ||     4
